 Dungeon Crawl Stone Soup version 0.21-a0-538-gd16b88a (webtiles) character file.

78 KristoblXynda the Cudgeler (level 4, 0/39 HPs)
             Began as a Naga Gladiator on Dec 15, 2017.
             Was an Initiate of Ashenzari.
             Slain by a crimson imp (2 damage)
             ... summoned by Natasha
             ... on level 2 of the Dungeon.
             The game lasted 00:02:13 (947 turns).

KristoblXynda the Cudgeler (Naga Gladiator)          Turns: 947, Time: 00:02:15

Health: 0/39       AC:  4    Str: 16    XL:     4   Next: 36%
Magic:  4/4        EV:  9    Int:  9    God:    Ashenzari [......]
Gold:   67         SH:  0    Dex: 13    Spells: 3/3 levels left

rFire    . . .     SeeInvis +   a - +0 flail
rCold    . . .     Gourm    .   (no shield)
rNeg     . . .     Faith    .   g - +0 ring mail
rPois    +         Spirit   .   c - +0 helmet
rElec    .         Reflect  .   (no cloak)
rCorr    .         Harm     .   (no gloves)
MR       .....                  (no barding)
Stlth    +.........             e - amulet of regeneration
HPRegen  0.53/turn              (no ring)
MPRegen  0.09/turn              (no ring)

@: short of breath, slowed, invisible, very slow
A: large, see invisible, deformed body, poison resistance, slowness 2, slow
metabolism 1, spit poison 1, AC +1
a: Spit Poison, Curse Item, Renounce Religion


You were on level 2 of the Dungeon.
You worshipped Ashenzari.
Ashenzari was noncommittal.
You were not hungry.

You visited 1 branch of the dungeon, and saw 2 of its levels.

You collected 67 gold pieces.

Inventory:

Hand Weapons
 a - a +0 flail (weapon)
Missiles
 d - 3 throwing nets (quivered)
Armour
 c - a +0 helmet (worn)
 g - a +0 ring mail (worn)
Jewellery
 e - an amulet of regeneration (around neck)
Scrolls
 i - a scroll of enchant armour {unknown}
 k - 2 scrolls of remove curse
 m - a scroll of identify {unknown}
 o - a scroll of amnesia {unknown}
Potions
 b - a potion of curing
 h - a potion of invisibility
 n - a potion of heal wounds {unknown}
Comestibles
 f - a bread ration
 j - a royal jelly
 l - 2 chunks of flesh


   Skills:
 - Level 2.0 Fighting
 + Level 3.7 Maces & Flails
 - Level 2.1 Throwing
 + Level 3.1 Dodging
 + Level 2.7 Stealth


You had 3 spell levels left.
You didn't know any spells.

Dungeon Overview and Level Annotations

Branches:
Dungeon (2/15)

Altars:
Ashenzari

Annotations:
D:2 Natasha


Innate Abilities, Weirdness & Mutations

You cannot wear boots.
Your serpentine skin is tough. (AC +1)
You have supernaturally acute eyesight. (SInv)
Armour fits poorly on your strangely shaped body.
Your system is resistant to poisons. (rPois)
You cover ground very slowly.
You have a slow metabolism.
You can spit poison.


Message History

Natasha casts a spell at you. The magic dart hits you!
You barely miss Natasha.
Natasha is heavily wounded.
The iron imp disappears in a puff of smoke!
Natasha barely misses you.
Natasha mumbles some strange words.
Unknown command.
Press: ? - help, Shift-Dir - straight line, f - Natasha
Aim: Natasha (heavily wounded)
The splash of poison misses Natasha.
You feel slightly more hungry.
Natasha casts a spell.
Unknown command.
It was a potion of invisibility.
You fade into invisibility!
Natasha stares at you and mumbles some strange words.
The magic dart hits you!
* * * LOW HITPOINT WARNING * * *
The crimson imp hits you.
You die...

.##...###.###
.####.#.....
.####.#.#.####
.............#######
......#.#.##.##....#
.######+#.##.##....#####
.# #.....>..............
.# #...........55.......
# .#
#.........##.@h.####
.b#.# .#
#..........###### ...#
.# #..........# ...#
.##########...# ..#
.........##...# #.#
.........##...##### #.#
.........##.......# #..
.........##.......# ...
#.. ..........#.#.....#
... #####..


You could see Natasha, a crimson imp and a shadow imp.

Vanquished Creatures
  Natasha (twice) (D:2)
  A dart slug (D:1)
  A leopard gecko (D:1)
  A giant cockroach (D:1)
  5 goblins (D:1)
  3 hobgoblins
  5 bats
  3 frilled lizards (D:1)
  A kobold (D:1)
  5 rats
27 creatures vanquished.

Notes
Turn   | Place    | Note
-------+----------+-------------------------------------------
     0 | D:1      | KristoblXynda the Naga Gladiator began the quest for the Orb.
     0 | D:1      | Reached XP level 1. HP: 19/19 MP: 1/1
    90 | D:1      | Reached XP level 2. HP: 24/26 MP: 2/2
   232 | D:1      | Reached skill level 1 in Stealth
   284 | D:1      | Reached XP level 3. HP: 30/32 MP: 3/3
   554 | D:2      | Found a shattered altar of Ashenzari.
   557 | D:2      | Noticed Natasha
   573 | D:2      | Killed Natasha
   802 | D:2      | Noticed Natasha
   806 | D:2      | Killed Natasha
   806 | D:2      | Reached XP level 4. HP: 37/39 MP: 4/4
   849 | D:2      | Became a worshipper of Ashenzari the Shackled
   936 | D:2      | Noticed Natasha
   947 | D:2      | Slain by a crimson imp

Vault maps used:
D:1:      dpeg_arrival_tiny_g
D:2:      evilmike_ruin_ashenzari, uniq_natasha

Skill      XL: |  1  2  3 |
---------------+----------+-----
Throwing       | 2 |  2.1
Stealth        | 1 2 |  2.7
Dodging        | 3 |  3.1
Fighting       | |  2.0
Maces & Flails | |  3.7

Action                   |  1- 3 |  4- 6 || total
-------------------------+-------+-------++-------
Melee: Flail             |    61 |    12 ||    73
 Abil: Spit Poison       |     6 |     4 ||    10
  Use: Potion            |     2 |     1 ||     3
Armor: Ring mail         |    24 |     4 ||    28
Dodge: Dodged            |    44 |     7 ||    51

Table legend:
 A = Spawn XP
 B = Non-spawn XP
 C = Spawn XP percentage of total XP
 D = Spawn monster count
 E = Non-spawn monster count
 F = Spawn count percentage of total count
 G = Total turns spent on level
                    A         B        C        D         E        F      G
               +---------+---------+-------+---------+---------+-------+---------
         Total |       0 |     112 |   0.0 |       0 |      27 |   0.0 |   947
               +---------+---------+-------+---------+---------+-------+---------
           D:1 |       0 |      36 |   0.0 |       0 |      22 |   0.0 |   507
           D:2 |       0 |      76 |   0.0 |       0 |       5 |   0.0 |   440
               +---------+---------+-------+---------+---------+-------+---------
